 Dungeon Crawl Stone Soup version 0.30-a0-862-g1aabd4f9c5 (webtiles) character file.

Game seed: 8639458813626353951

15 themarg the Caller (level 2, -1/19 HPs)
             Began as a Merfolk Summoner on Mar 9, 2023.
             Was a Follower of Wu Jian.
             Slain by a jackal (2 damage)
             ... on level 1 of the Dungeon.
             The game lasted 00:01:47 (280 turns).

themarg the Caller (Merfolk Summoner)                Turns: 280, Time: 00:01:48

Health: -1/19      AC:  2    Str:  8    XL:     2   Next: 50%
Magic:  3/5        EV: 12    Int: 14    God:    Wu Jian [*.....]
Gold:   1          SH:  0    Dex: 14    Spells: 4/5 levels left

rFire   . . .      SeeInvis .    e - +0 dagger
rCold   . . .      Faith    .    (no shield)
rNeg    . . .      Spirit   .    a - +0 robe
rPois   .          Reflect  .    (no helmet)
rElec   .          Rampage  .    (no cloak)
rCorr   .                        (no gloves)
Will    .....                    (no boots)
Stlth   ++                       (no amulet)
HPRegen 0.23/turn                (no ring)
MPRegen 0.09/turn                (no ring)

@: no status effects
A: (nimble swimmer 2), mertail
a: Renounce Religion


You were on level 1 of the Dungeon.
You worshipped Wu Jian.
Wu Jian was aware of your devotion.
You visited 1 branch of the dungeon, and saw 1 of its levels.

You collected 1 gold pieces.

Inventory:

Hand Weapons
 e - a +0 dagger (weapon)
Missiles
 c - 5 stones
Armour
 a - a +0 robe (worn)
Scrolls
 d - a scroll of magic mapping {unknown}
Potions
 b - a potion of magic


   Skills:
 - Level 2.6 Dodging
 + Level 2.9 Stealth
 - Level 2.0 Spellcasting
 + Level 4.3 Summonings


You had 4 spell levels left.
You knew the following spells:

 Your Spells              Type           Power      Damage    Failure   Level
a - Summon Small Mammal   Summ           52%        N/A       4%          1

Your spell library contained the following spells:

 Spells                   Type           Power      Damage    Failure   Level
 Call Imp                 Summ           13%        N/A       6%          2
 Call Canine Familiar     Summ           13%        N/A       12%         3
 Summon Guardian Golem    Hex/Summ       7%         N/A       28%         3
 Summon Lightning Spire   Summ/Air       7%         N/A       67%         4


Dungeon Overview and Level Annotations

Branches:
Dungeon (1/15)

Altars:
Wu Jian


Innate Abilities, Weirdness & Mutations

((You are very nimble when in or above water. (Stealth+, EV+, Speed+++)))
Your lower body shifts to a powerful aquatic tail in water.


Message History

You miss the jackal.
The jackal is heavily wounded.
Your bat hits the jackal but does no damage.
Your bat hits the jackal. The jackal misses your bat. The jackal misses you.
Your rat bites the jackal but does no damage.
You completely miss the jackal.
The jackal is heavily wounded.
The jackal bites your bat.
The jackal bites you but does no damage.
Your bat barely misses the jackal.
The jackal bites you.
* * * LOW HITPOINT WARNING * * *
The jackal barely misses your bat.
Your bat hits the jackal but does no damage.
Your rat bites the jackal.
You hit the jackal but do no damage.
The jackal is heavily wounded.
Your bat barely misses the jackal.
The jackal bites you.
* * * LOW HITPOINT WARNING * * *
Your rat closely misses the jackal.
You hit the jackal.
You kill the jackal!
The Council accepts your kill. The jackal barely misses you.
Your rat barely misses the jackal.
You closely miss the jackal.
The jackal is severely wounded.
Your bat hits the jackal. The jackal barely misses your rat.
Your rat misses the jackal. You closely miss the jackal.
The jackal is almost dead.
Your bat hits the jackal but does no damage.
The jackal bites your bat.
Your bat dies!
Your bat's corpse disappears in a puff of smoke!
Your rat misses the jackal. You closely miss the jackal.
The jackal is almost dead.
The jackal bites you.
* * * LOW HITPOINT WARNING * * *
The jackal bites you.
You die...

....##........#♣.~P#
....##........'.<~P#
....##........#♣.~P#
..............##.###
######........##+#
..........#......#
........#.+....###
........###....+.##
.........##....#@.#
.........##...hh#.......
..............r§#.......
................#.......
#.....†............#####
#...........##........#
#......##.............#
#.....................#.
........................


You could see 2 jackals and a friendly rat (summoned).

Vanquished Creatures
  An endoplasm (D:1)
  A giant cockroach (D:1)
  A goblin (D:1)
  2 jackals (D:1)
  A ball python (D:1)
  A rat (D:1)
7 creatures vanquished.

Vanquished Creatures (collateral kills)
  A ball python (D:1)
  2 goblins (D:1)
  4 rats (D:1)
7 creatures vanquished.

Grand Total: 14 creatures vanquished

Notes
Turn   | Place    | Note
-------+----------+-------------------------------------------
     0 | D:1      | themarg the Merfolk Summoner began the quest for the Orb.
     0 | D:1      | Reached XP level 1. HP: 13/13 MP: 3/3
     1 | D:1      | Found a faded altar of an unknown god.
    38 | D:1      | Prayed at the altar of an unknown god.
    38 | D:1      | Became a worshipper of the Wu Jian Council
    38 | D:1      | Reached * piety under Wu Jian
   173 | D:1      | Reached XP level 2. HP: 18/19 MP: 3/5
   280 | D:1      | Slain by a jackal

Illustrated notes

Levels and vault maps discovered:
D:1:      tarquinn_simple_flora_water_e, layout_basic,
          chequers_ecumenical_altar_simple

Action                     || total
---------------------------++-------
  Melee: Dagger            ||    32
         Unarmed           ||     5
   Cast: Summon Small Mamm ||    17
Ability: Lunge             ||     3
         Whirlwind         ||     2
 Armour: Robe              ||    12
  Dodge: Dodged            ||    25

Table legend: (Time is in decaauts)
 A = Elapsed time spent in this place.
 B = Non-inter-level travel time spent in this place.
 C = Inter-level travel time spent in this place.
 D = Time resting spent in this place.
 E = Time spent auto-exploring this place.
 F = Levels seen in this place.
 G = Mean time per level.
                   A        B        C        D        E       F      G
               +--------+--------+--------+--------+--------+-----+--------+
         Total |    279 |    279 |      0 |     30 |    126 |   1 |  279.0 |
       Dungeon |    279 |    279 |      0 |     30 |    126 |   1 |  279.0 |
               +--------+--------+--------+--------+--------+-----+--------+

Top non-repeatable levels by time:
     D:1: 279 daAuts
